 Dungeon Crawl Stone Soup version 0.29-a0-732-g3d7fbe0af2 (webtiles) character file.

Game seed: 357193528720163960

56 gobodom the Magician (level 3, -4/25 HPs)
             Began as a Demonspawn Hedge Wizard on June 30, 2022.
             Was a Believer of Makhleb.
             Slain by Terence
             ... wielding a +0 flail
              (6 damage)
             ... on level 2 of the Dungeon.
             The game lasted 00:06:14 (1987 turns).

gobodom the Magician (Demonspawn Hedge Wizard)      Turns: 1987, Time: 00:06:14

Health: -4/25      AC:  2    Str: 10    XL:     3   Next: 71%
Magic:  6/8        EV: 12    Int: 17    God:    Makhleb [**....]
Gold:   99         SH:  0    Dex: 12    Spells: 8/9 levels left

rFire   . . .      SeeInvis .   a - +0 dagger
rCold   . . .      Faith    .   (no shield)
rNeg    . . .      Spirit   .   b - +0 robe
rPois   .          Reflect  .   c - +0 hat
rElec   .          Harm     .   (no cloak)
rCorr   .          Rampage  .   (no gloves)
Will    .....                   (no boots)
Stlth   ++........              (no amulet)
HPRegen 0.08/turn               (no ring)
MPRegen 0.22/turn               (no ring)

@: no status effects
A: magic regeneration
a: Renounce Religion, Minor Destruction


You were on level 2 of the Dungeon.
You worshipped Makhleb.
Makhleb was pleased with you.
You visited 1 branch of the dungeon, and saw 2 of its levels.

You collected 99 gold pieces.

Inventory:

Hand Weapons
 a - a +0 dagger (weapon)
Missiles
 h - 2 poisoned darts
Armour
 b - a +0 robe (worn)
 c - a +0 hat (worn)
Jewellery
 m - a ring of ice
Scrolls
 e - a scroll of fog {unknown}
 f - a scroll of identify {unknown}
 g - a scroll of noise {unknown}
 l - a scroll of silence {unknown}
Potions
 d - a potion of magic
 i - a potion of cancellation {unknown}
 j - a potion of degeneration {unknown}
 k - 2 potions of attraction {unknown}


   Skills:
 + Level 0.9 Fighting
 + Level 0.1 Short Blades
 + Level 2.1 Dodging
 + Level 1.7 Stealth
 + Level 3.9 Spellcasting
 + Level 1.6 Conjurations
 + Level 1.0 Summonings
 + Level 0.8 Translocations


You had 8 spell levels left.
You knew the following spells:

 Your Spells              Type           Power      Damage    Failure   Level
a - Magic Dart            Conj           32%        1d4       9%          1

Your spell library contained the following spells:

 Spells                   Type           Power      Damage    Failure   Level
 Slow                     Hex            12%        N/A       16%         1
 Call Imp                 Summ           6%         N/A       16%         2
 Blink                    Tloc           12%        N/A       17%         2
 Conjure Flame            Conj/Fire      6%         6-21      34%         3
 Mephitic Cloud           Conj/Pois/Air  5%         N/A       36%         3


Dungeon Overview and Level Annotations

Branches:
Dungeon (2/15)

Altars:
Makhleb
Sif Muna

Annotations:
D:2 Terence


Innate Abilities, Weirdness & Mutations

You regenerate magic rapidly.


Message History

Nothing appears to happen.
The goblin shouts!
The magic dart hits the goblin.
The goblin is moderately wounded.
The goblin drinks a potion.
The goblin suddenly seems more resistant.
The magic dart hits the goblin.
You kill the goblin!
Makhleb accepts your kill.
You can't see any susceptible monsters within range! (Use Z to cast anyway.)
Your magical contamination has completely faded away.
m - a ring of ice
Things that are here:
a +0 club; a +0 sling; a goblin corpse A worm comes into view.
The magic dart hits the worm.
The worm is lightly wounded.
The teleport trap disappears.
The worm disappears!
You can't see any susceptible monsters within range! (Use Z to cast anyway.) Terence the Incautious comes into view.
He is wielding a +0 flail.
Terence shouts!
The magic dart hits Terence but does no damage.
The magic dart hits Terence but does no damage.
You miscast Magic Dart.
You are very lightly contaminated with residual magic.
Nothing appears to happen.
The magic dart hits Terence but does no damage.
Aiming: Minor Destruction (24% risk of failure)
Press: ? - help, Shift-Dir - straight line, f/p - Terence
Aim: Terence, wielding a +0 flail and wearing a +3 scale mail The stone arrow hits Terence but does no damage.
You closely miss Terence. Terence barely misses you.
You hit Terence but do no damage. Terence hits you with a +0 flail!
You hit Terence but do no damage. Terence hits you with a +0 flail.
Terence attacks as you move away! Terence hits you with a +0 flail.
Terence attacks as you move away! Terence hits you with a +0 flail!
* * * LOW HITPOINT WARNING * * *
Your magical contamination has completely faded away.
Terence attacks as you move away! Terence hits you with a +0 flail.
You die...

.# #... .# #..## ## # .... # #..
#..#####.# ### #...###........#
..# #..............# ..#
#......##.## ..# .. #@#.........
#. #.#### #.#.###@#.####..# .#
.....### #.##....#.......# #.
#.##.#.# #.##...........## #.
#.##..#.##.#####.#.#....# #.
.....## .........#.#....# #.
###.## ##.....####......# ###.
####.###......# ###...## #...
......#.##..#.# #...# #.##
....#.......#.######...#######.#


You could see Terence.

Vanquished Creatures
  2 adders (D:2)
  A worm (D:2)
  A dart slug (D:2)
  4 ball pythons
  3 bats (D:1)
  4 endoplasms
  3 giant cockroaches (D:1)
  3 goblins
  A hobgoblin (D:1)
  2 quokkas
  6 frilled lizards
  3 kobolds
  A rat (D:2)
34 creatures vanquished.

Notes
Turn   | Place    | Note
-------+----------+-------------------------------------------
     0 | D:1      | gobodom the Demonspawn Hedge Wizard began the quest for the
                  | Orb.
     0 | D:1      | Reached XP level 1. HP: 13/13 MP: 4/4
    45 | D:1      | Found a faded altar of an unknown god.
    72 | D:1      | Prayed at the altar of an unknown god.
    72 | D:1      | Became a worshipper of Makhleb the Destroyer
    72 | D:1      | Reached * piety under Makhleb
   384 | D:1      | Gained mutation: You regenerate magic rapidly. [demonic
                  | ancestry]
   384 | D:1      | Reached XP level 2. HP: 19/19 MP: 3/6
  1246 | D:2      | Reached XP level 3. HP: 25/25 MP: 5/8
  1617 | D:2      | Reached ** piety under Makhleb
  1784 | D:2      | Found a shimmering blue altar of Sif Muna.
  1976 | D:2      | Noticed Terence
  1987 | D:2      | Slain by Terence

Illustrated notes

Levels and vault maps discovered:
D:1:      minmay_arrival_split_and_join, layout_rooms,
          ebering_ecumenical_altar_webs, minmay_misc_feat_room,
          chequers_serial_rivers_marsh
D:2:      layout_loops_cross, basic_altar, minmay_door_square,
          nicolae_elevator_lobby_asterisk, uniq_terence

Skill      XL: |  1  2 |
---------------+-------+-----
Dodging        | 2 |  2.1
Fighting       | |  0.9
Short Blades   | |  0.1
Stealth        | |  1.7
Spellcasting   | |  3.9
Conjurations   | |  1.6
Summonings     | |  1.0
Translocations | |  0.8

Action                   || total
-------------------------++-------
Melee: Dagger            ||    59
 Cast: Magic Dart        ||    78
Invok: Minor Destruction ||     4
Armor: Robe              ||    13
Dodge: Dodged            ||    42

Table legend: (Time is in decaauts)
 A = Elapsed time spent in this place.
 B = Non-inter-level travel time spent in this place.
 C = Inter-level travel time spent in this place.
 D = Time resting spent in this place.
 E = Time spent auto-exploring this place.
 F = Levels seen in this place.
 G = Mean time per level.
                   A        B        C        D        E       F      G
               +--------+--------+--------+--------+--------+-----+--------+
         Total |   1991 |   1991 |      0 |     32 |   1674 |   2 |  995.5 |
       Dungeon |   1991 |   1991 |      0 |     32 |   1674 |   2 |  995.5 |
               +--------+--------+--------+--------+--------+-----+--------+

Top non-repeatable levels by time:
     D:1: 1219 daAuts
     D:2: 771 daAuts
